[Event "ICCopen2017"]
[Site "Internet Chess Club"]
[Date "2017.03.19"]
[Round "1"]
[White "ChessIncognito"]
[Black "Fighterman"]
[Result "0-1"]
[ICCResult "White resigns"]
[WhiteElo "1618"]
[BlackElo "2497"]
[Opening "Bird's opening"]
[ECO "A02"]
[NIC "VO.07"]
[Time "19:01:52"]
[TimeControl "180+0"]

1. f4 Nf6 2. Nf3 d5 3. e3 c6 4. d4 Bf5 5. Be2 e6 6. O-O Nbd7 7. c3 Be7 8.
Bd2 h6 9. Be1 Ng4 10. Qd2 g5 11. Ne5 Ngxe5 12. fxe5 Bg6 13. Bg3 Qb6 14. Na3
Bxa3 15. bxa3 Qa5 16. Qb2 Nb6 17. Qb4 Qxb4 18. axb4 Na4 19. Rac1 b5 20. Bd1
Nb2 21. Bb3 a5 22. a3 axb4 23. axb4 Ke7 24. Ra1 Bd3 25. Rfe1 Be4 26. h4 Rhg8
27. hxg5 hxg5 28. Kf2 Rh8 29. Rxa8 Rxa8 30. Re2 Nd3+ 31. Kg1 Nc1 32. Rb2 Ra3
33. Bc2 Rxc3 34. Bxe4 dxe4 35. Bf2 Nd3 36. Ra2 Rc1+ 37. Kh2 Nxf2 38. Ra7+
Kf8 39. Ra8+ Kg7 40. Rc8 Nd1 41. Kg3 Nxe3 {White resigns} 0-1

[Event "ICCopen2017"]
[Site "Internet Chess Club"]
[Date "2017.03.19"]
[Round "1"]
[White "demchog97"]
[Black "eschocat"]
[Result "1-0"]
[ICCResult "Black resigns"]
[WhiteElo "1943"]
[BlackElo "1395"]
[Opening "Queen's Indian defense"]
[ECO "A47"]
[NIC "QP.06"]
[Time "19:02:05"]
[TimeControl "180+0"]

1. d4 Nf6 2. Nf3 b6 3. Bg5 Ne4 4. Bf4 Nd6 5. e3 g6 6. c4 Bg7 7. Nc3 O-O 8.
Be2 e6 9. O-O Bb7 10. Rc1 Ne8 11. e4 d6 12. Qd2 Nd7 13. Rfd1 Qc8 14. Bh6
Nef6 15. Bxg7 Kxg7 16. Qf4 Nh5 17. Qe3 Nhf6 18. h3 c5 19. e5 dxe5 20. dxe5
Ne8 21. Nd2 a6 22. f4 Nc7 23. Nde4 Ne8 24. Rd2 Qc7 25. Rcd1 Rd8 26. Bf3 h5
27. Qf2 Qb8 28. Qh4 Qc7 29. Ne2 Bxe4 30. Bxe4 b5 31. cxb5 axb5 32. Ng3 Qc8
33. Nxh5+ Kg8 34. Qg5 Ng7 35. Nf6+ Nxf6 36. exf6 Rxd2 37. Rxd2 Nf5 38. Bxf5
exf5 39. Qh6 {Black resigns} 1-0

[Event "ICCopen2017"]
[Site "Internet Chess Club"]
[Date "2017.03.19"]
[Round "1"]
[White "NEO2017"]
[Black "ramezsamir"]
[Result "1-0"]
[ICCResult "Black forfeits on time"]
[WhiteElo "1726"]
[BlackElo "1988"]
[Opening "Queen's pawn game, Darooha variation "]
[ECO "D02"]
[NIC "QP.08"]
[Time "19:00:38"]
[TimeControl "180+0"]

1. d4 d5 2. Nf3 Nf6 3. c4 e6 4. g3 c6 5. Nbd2 Nbd7 6. Bg2 Bd6 7. O-O O-O 8.
b3 b6 9. Bb2 Bb7 10. Qc2 Rc8 11. e4 dxe4 12. Nxe4 Nxe4 13. Qxe4 Qc7 14. Qc2
h6 15. a3 c5 16. dxc5 Nxc5 17. Rfd1 Rfd8 18. Rac1 Be4 19. Qc3 f6 20. b4 Na4
21. Qb3 Nxb2 22. Qxb2 Qb7 23. Ne1 Bxg2 24. Nxg2 Qf3 25. Ne1 Qh5 26. Ng2 Be5
27. Qb3 Qe2 28. Rxd8+ Rxd8 29. Qe3 Qxe3 30. Nxe3 Bb2 31. Rc2 Bxa3 32. c5
Bxb4 33. cxb6 axb6 34. Rc7 Bc5 35. Nc4 Rd1+ 36. Kg2 Rc1 37. Nxb6 Rc2 38.
Rc8+ Kh7 39. Nd7 Rxf2+ 40. Kh3 Bb4 41. Rb8 Bd6 42. Rd8 Ba3 43. Ra8 Rf3 44.
Ra7 Rd3 45. Nxf6+ Kg6 46. Ne4 Re3 47. Nf2 Bc5 48. Ra2 Rf3 49. Ng4 Bd4 50.
Rd2 e5 51. Rxd4 Rf5 52. Re4 h5 53. Nxe5+ Kf6 54. Nd3 Rf3 55. Rf4+ Rxf4 56.
Nxf4 Kg5 57. Kg2 h4 58. Ne6+ Kf6 59. Nxg7 hxg3 60. Nh5+ Kg5 61. Nxg3 Kg4 62.
h3+ Kh4 63. Nf5+ Kg5 64. Ne3 Kh4 65. Kh2 Kh5 66. Kg3 Kg5 67. h4+ Kh5 68. Ng4
Kg6 69. Ne5+ Kh5 70. Kh3 Kh6 71. Kg4 Kg7 72. Nf3 Kh7 73. h5 Kh6 74. Nh4 Kh7
75. Nf5 Kg8 76. Kg5 Kh7 77. h6 Kg8 78. Kg6 Kh8 79. Ng7 Kg8 80. Ne6 Kh8 81.
Nd8 Kg8 82. Nf7 {Black forfeits on time} 1-0

[Event "ICCopen2017"]
[Site "Internet Chess Club"]
[Date "2017.03.19"]
[Round "1"]
[White "AnthonyRaelund"]
[Black "rencoroso"]
[Result "0-1"]
[ICCResult "White forfeits on time"]
[WhiteElo "1446"]
[BlackElo "2101"]
[Opening "English: symmetrical variation"]
[ECO "A37"]
[NIC "EO.28"]
[Time "19:01:46"]
[TimeControl "180+0"]

1. c4 c5 2. g3 g6 3. Bg2 Bg7 4. Nc3 Nc6 5. Nf3 e6 6. O-O Nge7 7. a3 O-O 8.
Rb1 a5 9. e3 d6 10. Nb5 b6 11. d4 Bb7 12. b3 Qd7 13. dxc5 bxc5 14. Qxd6 Qxd6
15. Nxd6 Rab8 16. Nxb7 Rxb7 17. Bb2 Rxb3 18. Bxg7 Rxb1 19. Bxf8 Rxf1+ 20.
Kxf1 Kxf8 21. Nd2 Ke8 22. Ke2 Kd7 23. Kd3 Kd6 24. Ne4+ Kc7 25. Nxc5 Ne5+ 26.
Kc3 Ng4 27. f3 Nxe3 28. Bh1 Nc6 29. Kd3 Nf5 30. Ne4 h6 31. g4 Nd6 32. Nxd6
Kxd6 33. f4 Kc5 34. Bxc6 Kxc6 35. Kd4 Kd6 36. h4 f6 37. c5+ Kc6
{White forfeits on time}
0-1

[Event "ICCopen2017"]
[Site "Internet Chess Club"]
[Date "2017.03.19"]
[Round "1"]
[White "e8thatcat"]
[Black "fueguino"]
[Result "0-1"]
[ICCResult "White forfeits on time"]
[WhiteElo "1333"]
[BlackElo "1894"]
[Opening "Old Benoni defense"]
[ECO "A43"]
[NIC "OI.09"]
[Time "19:01:52"]
[TimeControl "180+0"]

1. d4 c5 2. c3 g6 3. e3 Bg7 4. Nf3 d6 5. Bd3 Nh6 6. Nbd2 O-O 7. O-O Nd7 8.
Re1 b6 9. Qc2 Bb7 10. Ne4 Rc8 11. Bd2 Nf5 12. Qb1 e5 13. dxe5 Nxe5 14. Nxe5
Bxe5 15. Rd1 Qh4 16. Ng3 Ng7 17. Be1 d5 18. e4 Rcd8 19. exd5 Rxd5 20. Qc2
Rfd8 21. Be2 Nf5 22. Rxd5 Rxd5 23. Bf3 Rd7 24. Bxb7 Rxb7 25. Rd1 Re7 26. Qd3
Kg7 27. c4 Nd4 28. Bc3 Bf6 29. Re1 Rxe1+ 30. Bxe1 Qf4 31. Bc3 Qc1+ 32. Qf1
Qc2 33. a3 h5 {White forfeits on time} 0-1

[Event "ICCopen2017"]
[Site "Internet Chess Club"]
[Date "2017.03.19"]
[Round "1"]
[White "anakinnn"]
[Black "GolfPro"]
[Result "0-1"]
[ICCResult "White forfeits on time"]
[WhiteElo "1263"]
[BlackElo "1855"]
[Opening "Four knights: Italian variation"]
[ECO "C47"]
[NIC "RG.01"]
[Time "19:01:23"]
[TimeControl "180+0"]

1. e4 e5 2. Nf3 Nf6 3. Nc3 Nc6 4. Bc4 Nxe4 5. Bxf7+ Kxf7 6. Nxe4 h6 7. O-O
d5 8. Ng3 Bd6 9. d4 e4 10. Nd2 Be6 11. f3 exf3 12. Qxf3+ Ke7 13. Nf5+ Kd7
14. Nxg7 Nxd4 15. Qd3 Bc5 16. Nxe6 Nxe6+ 17. Kh1 c6 18. c4 Rg8 19. cxd5 Kc7
20. Qh7+ Ng7 21. Rf7+ Kb6 22. Rxg7 Qf6 23. Rxb7+ Ka6 24. Qd3+ Kxb7 25. dxc6+
Kxc6 26. Qa6+ Bb6 27. Qc4+ Kb7 28. Nf3 Qc6 29. Qf7+ Bc7 30. Qb3+ Qb6
{White forfeits on time}
0-1

[Event "ICCopen2017"]
[Site "Internet Chess Club"]
[Date "2017.03.19"]
[Round "1"]
[White "manneredmonkey"]
[Black "DaGame"]
[Result "0-1"]
[ICCResult "White forfeits on time"]
[WhiteElo "1710"]
[BlackElo "2741"]
[Opening "English: Neo-Catalan accepted"]
[ECO "A13"]
[NIC "RE.10"]
[Time "19:01:41"]
[TimeControl "180+0"]

1. c4 Nf6 2. g3 e6 3. Bg2 d5 4. Nf3 dxc4 5. Na3 Bxa3 6. bxa3 b5 7. O-O Bb7
8. a4 a6 9. axb5 axb5 10. a4 O-O 11. Ba3 Re8 12. axb5 Nbd7 13. Qc2 Nb6 14.
Bc5 Be4 15. Qc3 Qd5 16. Bxb6 cxb6 17. Rfc1 Rxa1 18. Rxa1 Qxb5 19. Nd4 Qd5
20. f3 Bg6 21. e4 Qc5 22. Qe3 Rd8 23. Bf1 h6 24. Nc2 Rxd2 25. Qxc5 bxc5 26.
Ne3 c3 27. Rc1 Nd7 28. Rxc3 Kf8 29. Nc4 Rd4 30. Kf2 Ke7 31. Ne3 f6 32. Nc2
Rd6 33. Ne3 Rd2+ 34. Be2 Rd4 35. Ke1 Be8 36. Bb5 Ne5 37. Rxc5 Bxb5 38. Rxb5
Nxf3+ 39. Kf2 Ne5 {White forfeits on time} 0-1

[Event "ICCopen2017"]
[Site "Internet Chess Club"]
[Date "2017.03.19"]
[Round "1"]
[White "METALCHESS"]
[Black "HouseMorgan"]
[Result "1-0"]
[ICCResult "Black checkmated"]
[WhiteElo "2007"]
[BlackElo "1465"]
[Opening "Catalan: closed, Qc2 & b3"]
[ECO "E08"]
[NIC "QP.11"]
[Time "19:01:43"]
[TimeControl "180+0"]

1. Nf3 Nf6 2. c4 c6 3. g3 d5 4. Bg2 e6 5. d4 Nbd7 6. Qc2 Be7 7. O-O O-O 8.
b3 b6 9. Nc3 Bb7 10. e4 dxe4 11. Nxe4 c5 12. Bb2 Bxe4 13. Qd2 Qc7 14. Rad1
Rad8 15. Qe3 Rfe8 16. dxc5 Nxc5 17. b4 Nd3 18. Bxf6 Bxf3 19. Bxe7 Bxd1 20.
Bxd8 Rxd8 21. Rxd1 Nxb4 22. Rxd8+ Qxd8 23. Qb3 a5 24. a3 Qd3 25. Qb2 Qd1+
26. Bf1 Nd3 27. Qd4 Nxf2 28. Qxf2 Qd6 29. a4 g6 30. Qb2 h5 31. Kg2 e5 32.
Be2 e4 33. Qc3 h4 34. gxh4 Qf4 35. Qg3 Qd2 36. Kf2 Qd4+ 37. Qe3 Qf6+ 38. Kg3
Qe5+ 39. Qf4 Qc3+ 40. Kg2 Qc2 41. Qe3 Kh7 42. h5 gxh5 43. Kg3 Kg6 44. h4 f6
45. Kf4 Kf7 46. Qxe4 Qd2+ 47. Qe3 Qd6+ 48. Kf3 Qc6+ 49. Kf2 Qxa4 50. Bxh5+
Kg7 51. Qe7+ Kg8 52. Qf7+ Kh8 53. Qxf6+ Kh7 54. Bg6+ Kh6 55. Bc2+ Kh5 56.
Bxa4 Kg4 57. Qg5+ Kh3 58. Bd7+ Kh2 59. Qg2# {Black checkmated} 1-0

[Event "ICCopen2017"]
[Site "Internet Chess Club"]
[Date "2017.03.19"]
[Round "1"]
[White "hamlet"]
[Black "Mamba"]
[Result "0-1"]
[ICCResult "White checkmated"]
[WhiteElo "1676"]
[BlackElo "2657"]
[Opening "Sicilian: Grand Prix attack"]
[ECO "B23"]
[NIC "SI.44"]
[Time "19:01:33"]
[TimeControl "180+0"]

1. Nc3 c5 2. e4 Nc6 3. f4 g6 4. Nf3 Bg7 5. Bc4 e6 6. O-O Nge7 7. Kh1 O-O 8.
d3 b6 9. a4 Bb7 10. Bd2 d5 11. exd5 Nxd5 12. Qe1 Ncb4 13. Rc1 Qc7 14. Qh4
Nxc3 15. bxc3 Nd5 16. Ne5 f6 17. Ng4 Kh8 18. Rce1 Rae8 19. Ne3 Bc6 20. Nxd5
exd5 21. Bb5 Bxb5 22. axb5 Qd7 23. Ra1 Re2 24. Rf2 Rfe8 25. h3 f5 26. Qg3
Rxd2 27. Rxd2 Bxc3 28. Rdd1 Bxa1 29. Rxa1 Re2 30. Re1 Qe7 31. Rxe2 Qxe2 32.
Qg5 Kg7 33. Qd8 Qf1+ 34. Kh2 Qxf4+ 35. Kg1 Qe3+ 36. Kh1 Kf7 37. Qxd5+ Kf6
38. Qd8+ Qe7 39. Qd5 Qe1+ 40. Kh2 Qe5+ 41. Qxe5+ Kxe5 42. Kg3 g5 43. h4 h6
44. hxg5 hxg5 45. Kf3 Kd4 46. g3 Kc3 47. Ke3 Kxc2 48. d4 cxd4+ 49. Kxd4 f4
50. gxf4 gxf4 51. Ke4 Kb3 52. Kxf4 Kb4 53. Ke5 Kxb5 54. Kd4 Kb4 55. Kd3 Kb3
56. Kd4 a5 57. Kd5 a4 58. Kc6 a3 59. Kxb6 a2 60. Ka6 Kb4 61. Kb7 a1=Q 62.
Kb8 Qg7 63. Kc8 Kb5 64. Kd8 Kc6 65. Ke8 Kd6 66. Kd8 Qd7# {White checkmated}
0-1

[Event "ICCopen2017"]
[Site "Internet Chess Club"]
[Date "2017.03.19"]
[Round "1"]
[White "Ceejay24"]
[Black "ontheprowl"]
[Result "1-0"]
[ICCResult "Black checkmated"]
[WhiteElo "2229"]
[BlackElo "1493"]
[Opening "King's Indian: Petrosian system"]
[ECO "E92"]
[NIC "KI.17"]
[Time "19:01:49"]
[TimeControl "180+0"]

1. d4 Nf6 2. c4 g6 3. Nc3 Bg7 4. e4 d6 5. Nf3 O-O 6. Be2 e5 7. d5 Na6 8. Nd2
Bd7 9. O-O c5 10. dxc6 Bxc6 11. a3 Nc5 12. f3 a5 13. b3 Qb6 14. Kh1 Rac8 15.
Rb1 Na6 16. Nd5 Bxd5 17. cxd5 Rc7 18. Nc4 Qc5 19. Be3 Qb5 20. Nxd6 Qd7 21.
Nc4 a4 22. Nxe5 Qd6 23. Nc4 Qd7 24. Nb6 Qe7 25. b4 Qd6 26. Nc4 Qd7 27. d6
Rcc8 28. e5 Ne8 29. Nb6 Qd8 30. f4 Rc3 31. Bd4 Rxa3 32. Qc1 Rb3 33. Rxb3
axb3 34. b5 Nb4 35. Qc3 Nc2 36. Bg1 f6 37. Qxb3+ Kh8 38. d7 Nc7 39. Qxc2
fxe5 40. fxe5 Rxf1 41. Bxf1 Bxe5 42. Qe4 Bg7 43. Bd4 Bxd4 44. Qxd4+ Kg8 45.
Bc4+ Kf8 46. Qh8+ Ke7 47. Qxd8+ Kxd8 48. Bg8 Ke7 49. Bxh7 g5 50. Bf5 Nxb5
51. g3 Nd6 52. Bg4 Nf7 53. Kg2 Ne5 54. Bf5 Nf7 55. Kf3 Nd6 56. Bg4 Nf7 57.
Ke4 Nd6+ 58. Ke5 Nf7+ 59. Kf5 Nd6+ 60. Kxg5 Nf7+ 61. Kg6 Nd6 62. Kg7 Nb5 63.
h4 Nc7 64. h5 Ne6+ 65. Bxe6 Kxe6 66. d8=Q Ke5 67. h6 Ke4 68. h7 Ke5 69. h8=Q
Ke4 70. g4 Ke5 71. g5 Ke4 72. g6 Ke5 73. Kf7+ Ke4 74. g7 Ke5 75. g8=Q+ Ke4
76. Qe7+ Kf5 77. Qg6+ Kf4 78. Qhh4+ Kf3 79. Qee4# {Black checkmated} 1-0

[Event "ICCopen2017"]
[Site "Internet Chess Club"]
[Date "2017.03.19"]
[Round "1"]
[White "GYMEJR"]
[Black "kaens"]
[Result "1-0"]
[ICCResult "Black forfeits on time"]
[WhiteElo "1560"]
[BlackElo "2253"]
[Opening "Queen's pawn: London system"]
[ECO "A45"]
[NIC "QP.07"]
[Time "19:01:59"]
[TimeControl "180+0"]

1. d4 Nf6 2. Bf4 d5 3. e3 c6 4. c3 e6 5. Bd3 Bd6 6. Bg3 Ne4 7. Nd2 Nxg3 8.
hxg3 f5 9. Ngf3 O-O 10. g4 Nd7 11. gxf5 exf5 12. Qc2 g6 13. O-O-O Nf6 14.
Ng5 h5 15. f3 Bd7 16. Rdg1 Kg7 17. Kb1 Qe7 18. e4 fxe4 19. fxe4 Ng4 20. e5
Qxg5 21. Nf3 Qh6 22. exd6 Rae8 23. Re1 Ne3 24. Qd2 Nf5 25. Qxh6+ Kxh6 26.
Ne5 Rd8 27. g4 Ng3 28. Rh3 Ne4 29. Bxe4 dxe4 30. Nxd7 Rxd7 31. gxh5 g5 32.
Rxe4 Rxd6 33. Rhe3 Kxh5 34. Rh3+ Kg6 35. Re7 Rf7 36. Rxf7 Kxf7 37. Rh7+ Kg6
38. Rxb7 g4 39. Re7 Rf6 40. Re1 Kg5 41. Rg1 Kh4 42. Kc2 Kh3 43. Kd3 g3 44.
Kc4 g2 45. b4 Rf1 46. Rxg2 Kxg2 47. a4 Ra1 48. a5 Rc1 49. b5 cxb5+ 50. Kxb5
Rxc3 51. d5 Kf3 52. d6 Rd3 53. Kc6 Ke4 54. d7 Ke5 55. Kc7 Rc3+ 56. Kb7 Rd3
57. Kc7 Rxd7+ 58. Kxd7 Kd5 59. Kc7 Kc5 60. Kb7 Kb5 61. a6 Ka5 62. Kxa7 Kb5
63. Kb7 {Black forfeits on time} 1-0

[Event "ICCopen2017"]
[Site "Internet Chess Club"]
[Date "2017.03.19"]
[Round "1"]
[White "lollipop"]
[Black "GiantHulk"]
[Result "0-1"]
[ICCResult "White forfeits on time"]
[WhiteElo "1461"]
[BlackElo "2105"]
[Opening "Caro-Kann: advance variation"]
[ECO "B12"]
[NIC "CK.02"]
[Time "19:02:01"]
[TimeControl "180+0"]

1. e4 c6 2. d4 d5 3. e5 c5 4. c3 Nc6 5. f4 cxd4 6. cxd4 Qb6 7. Nc3 Qxd4 8.
Qe2 e6 9. Nf3 Qb4 10. a3 Qb6 11. b4 Nh6 12. Na4 Qd8 13. Be3 Nf5 14. Bf2 Bd7
15. Nc5 Bxc5 16. Bxc5 b6 17. g4 bxc5 18. gxf5 cxb4 19. fxe6 fxe6 20. Bh3 O-O
21. O-O h6 22. Rf2 Rxf4 23. Rg2 Qf8 24. Rf1 bxa3 25. Rg3 Qc5+ 26. Kh1 Raf8
27. Rfg1 R8f7 28. Nd2 Qf2 29. Qd3 Nxe5 30. Qc3 d4 31. Qb4 Bc6+ 32. Bg2 Bxg2+
33. R3xg2 Qe3 34. Qb8+ Kh7 {White forfeits on time} 0-1

[Event "ICCopen2017"]
[Site "Internet Chess Club"]
[Date "2017.03.19"]
[Round "1"]
[White "jbow79"]
[Black "nikenwidiartto"]
[Result "1-0"]
[ICCResult "Black forfeits on time"]
[WhiteElo "931"]
[BlackElo "1757"]
[Opening "Queen's pawn game"]
[ECO "D02"]
[NIC "QP.08"]
[Time "19:01:30"]
[TimeControl "180+0"]

1. d4 d5 2. Nf3 c6 3. g3 Nf6 4. Bg2 Bg4 5. O-O Nbd7 6. Nbd2 e6 7. c4 Bd6 8.
c5 Bc7 9. b4 a6 10. a4 e5 11. dxe5 Nxe5 12. a5 O-O 13. Bb2 Re8 14. Nxe5 Bxe5
15. Bxe5 Rxe5 16. Nf3 Re6 17. Ng5 Rxe2 18. f3 Rxg2+ 19. Kxg2 Bf5 20. f4 h6
21. Nf3 Qc8 22. Kg1 Ne4 23. Re1 Bg4 24. Qd3 Qf5 25. Nd4 Qh5 26. Ra2 Re8 27.
Nc2 Bf5 28. Qf1 Bh3 29. Qd3 f6 30. Ne3 Bd7 31. Ng2 Qh3 32. Nh4 Qg4 33. Qf3
Qxf3 34. Nxf3 f5 35. Nd4 Bc8 36. Rae2 Kf7 37. Nc2 Kf6 38. Ne3 Rg8 39. Nf1 g5
40. fxg5+ hxg5 41. h4 gxh4 42. Rg2 h3 43. Rh2 {Black forfeits on time} 1-0

[Event "ICCopen2017"]
[Site "Internet Chess Club"]
[Date "2017.03.19"]
[Round "1"]
[White "MartinaHingis"]
[Black "ANGELLR"]
[Result "1-0"]
[ICCResult "Black checkmated"]
[WhiteElo "2735"]
[BlackElo "1705"]
[Opening "QGD Slav: exchange variation"]
[ECO "D13"]
[NIC "SL.02"]
[Time "19:01:37"]
[TimeControl "180+0"]

1. Nf3 d5 2. c4 c6 3. d4 Nf6 4. cxd5 cxd5 5. Nc3 e6 6. Bf4 Bd6 7. Bg3 Nc6 8.
e3 b6 9. Bb5 Bb7 10. Qa4 Qc7 11. Bxd6 Qxd6 12. Ne5 Rc8 13. Qxa7 Rc7 14. Qb8+
Qd8 15. Qxd8+ Kxd8 16. Bxc6 Bxc6 17. f3 Ke7 18. Kd2 Rhc8 19. Rhc1 Bd7 20. a3
Ne8 21. b3 Nd6 22. Ne2 f6 23. Rxc7 Rxc7 24. Nxd7 Kxd7 25. Rc1 Rxc1 26. Nxc1
Kc6 27. Nd3 Kb5 28. Kc3 Nb7 29. Nf4 Nd8 30. e4 Kc6 31. exd5+ exd5 32. h4 g6
33. a4 Nf7 34. Kb4 Nd6 35. g4 f5 36. h5 fxg4 37. fxg4 gxh5 38. gxh5 Nf5 39.
Kc3 Ne3 40. b4 Nd1+ 41. Kd2 Nb2 42. b5+ Kd6 43. Kc3 Nc4 44. Kb4 Ne3 45. h6
Nc2+ 46. Kc3 Ne3 47. Ng6 Nd1+ 48. Kd2 Nb2 49. Nf8 Nxa4 50. Nxh7 Ke7 51. Ng5
Kf8 52. Ne6+ Kg8 53. Nc7 Kh7 54. Nxd5 Kxh6 55. Kc2 Kg6 56. Kb3 Kf7 57. Kxa4
Ke6 58. Nxb6 Kd6 59. Nc4+ Kd5 60. Kb4 Kxd4 61. b6 Kd5 62. b7 Ke4 63. b8=Q
Kd3 64. Qe5 Kc2 65. Qe3 Kd1 66. Qf2 Kc1 67. Qe2 Kb1 68. Qb2# {Black
checkmated} 1-0

[Event "ICCopen2017"]
[Site "Internet Chess Club"]
[Date "2017.03.19"]
[Round "1"]
[White "Westman"]
[Black "Jude"]
[Result "0-1"]
[ICCResult "White forfeits on time"]
[WhiteElo "1382"]
[BlackElo "1953"]
[Opening "Sicilian: Scheveningen, classical, Nd7 system"]
[ECO "B84"]
[NIC "SI.23"]
[Time "19:02:19"]
[TimeControl "180+0"]

1. e4 c5 2. Nf3 d6 3. d4 cxd4 4. Nxd4 Nf6 5. Nc3 a6 6. Be2 e6 7. O-O Nbd7 8.
f3 b5 9. Be3 Bb7 10. Qd2 Rc8 11. Kh1 Nb6 12. a3 Be7 13. Rae1 Nfd7 14. f4 Nc4
15. Bxc4 Rxc4 16. f5 e5 17. Nf3 Nf6 18. Nd5 Nxe4 19. Qd3 Nf6 20. Nxe7 Qxe7
21. Bg5 O-O 22. Bxf6 Qxf6 23. Nd2 Rd4 {White forfeits on time} 0-1

[Event "ICCopen2017"]
[Site "Internet Chess Club"]
[Date "2017.03.19"]
[Round "1"]
[White "guchess"]
[Black "cheslikeyomama"]
[Result "1-0"]
[ICCResult "Black forfeits on time"]
[WhiteElo "2034"]
[BlackElo "1400"]
[Opening "Modern defense"]
[ECO "A40"]
[NIC "QO.17"]
[Time "19:01:12"]
[TimeControl "180+0"]

1. d4 g6 2. h4 Bg7 3. h5 d6 4. c4 Nc6 5. d5 Nb8 6. Nc3 Nf6 7. h6 Bf8 8. e4
e5 9. Bg5 Be7 10. Qd2 O-O 11. Be2 c5 12. dxc6 Nxc6 13. O-O-O Nd4 14. f3 Bd7
15. Kb1 a5 16. Bd3 a4 17. Nge2 Nxe2 18. Bxe2 Bc6 19. Bxf6 Bxf6 20. Qxd6 Qxd6
21. Rxd6 Bh8 22. Nd5 Bxd5 23. cxd5 a3 24. b3 f5 25. Bd3 fxe4 26. Bxe4 Rad8
27. Rxd8 Rxd8 28. Rc1 Bf6 29. Rc7 Bg5 30. Rxb7 {Black forfeits on time} 1-0

[Event "ICCopen2017"]
[Site "Internet Chess Club"]
[Date "2017.03.19"]
[Round "1"]
[White "Mormegil"]
[Black "Falstaf"]
[Result "0-1"]
[ICCResult "White forfeits on time"]
[WhiteElo "1754"]
[BlackElo "2987"]
[Opening "King's Indian: fianchetto, classical variation"]
[ECO "E67"]
[NIC "KI.65"]
[Time "19:02:04"]
[TimeControl "180+0"]

1. Nf3 Nf6 2. c4 g6 3. d4 Bg7 4. g3 O-O 5. Bg2 d6 6. O-O Nbd7 7. Nc3 e5 8.
d5 a5 9. e4 Nc5 10. Qc2 b6 11. Bg5 h6 12. Be3 Ng4 13. Bd2 f5 14. h3 Nf6 15.
exf5 Bxf5 16. Qd1 g5 17. g4 Bd3 18. Re1 Bxc4 19. h4 Nxg4 20. hxg5 h5 21. Ne4
Nxe4 22. Rxe4 Bxd5 23. Rxg4 hxg4 24. Nh4 Bxg2 25. Kxg2 Qd7 26. Ng6 Rf3 27.
Be3 d5 28. Qb3 Re8 29. Nh4 Rf7 30. Rh1 c6 31. Bxb6 d4 32. g6 Qd5+ 33. Qxd5
cxd5 34. gxf7+ Kxf7 35. Bxa5 Rc8 36. Re1 Rc2 37. Nf5 Bf6 38. Nd6+ Kg6 39. a3
e4 40. Nxe4 dxe4 41. Rxe4 Kf5 42. Re8 Rxb2 43. Bb4 Be5 44. Rd8 g3 45. Be1
Ke4 46. Re8 Ra2 47. Kf1 gxf2 48. Bxf2 Ra1+ 49. Kg2 Rxa3 50. Rg8 d3 51. Rg4+
Kd5 52. Be3 Ra2+ 53. Kf3 Ra8 54. Kf2 Rf8+ 55. Ke1 Rf5 56. Kd2 Rf3 57. Rg1
Rh3 58. Rf1 Ke4 59. Re1 Rh2+ 60. Kd1 Bg3 61. Rf1 Kxe3 62. Kc1 Rc2+ 63. Kd1
Re2 64. Kc1 d2+ 65. Kd1 Re1+ 66. Kc2 Rxf1 {White forfeits on time} 0-1

[Event "ICCopen2017"]
[Site "Internet Chess Club"]
[Date "2017.03.19"]
[Round "1"]
[White "MasterMind"]
[Black "captain9"]
[Result "1-0"]
[ICCResult "Black forfeits on time"]
[WhiteElo "1728"]
[BlackElo "686"]
[Opening "Two knights defense (Modern bishop's opening)"]
[ECO "C55"]
[NIC "IG.01"]
[Time "19:03:39"]
[TimeControl "180+0"]

1. e4 e5 2. Nf3 Nc6 3. Bc4 Nf6 4. d3 Be7 5. O-O O-O 6. c3 a6 7. Re1 d6 8. d4
exd4 9. cxd4 Bg4 10. d5 Na7 11. Nc3 c6 12. Bf4 cxd5 13. exd5 Nc8 14. h3 Bh5
15. Qe2 Nb6 16. Bb3 Rc8 17. Qxe7 Qxe7 18. Rxe7 Rfe8 19. Rxb7 Na8 20. Bxd6
Rcd8 21. Bf4 Bg6 22. Nh4 Kf8 23. Nxg6+ hxg6 24. d6 Rd7 25. Rxd7 Nxd7 26. Ba4
Nab6 27. Bc6 Rd8 28. Rd1 f5 29. Bg5 {Black forfeits on time} 1-0

[Event "ICCopen2017"]
[Site "Internet Chess Club"]
[Date "2017.03.19"]
[Round "1"]
[White "Revolutions"]
[Black "angelyas"]
[Result "0-1"]
[ICCResult "White checkmated"]
[WhiteElo "1780"]
[BlackElo "989"]
[Opening "QGD: Grau (Sahovic) defense"]
[ECO "D06"]
[NIC "QP.08"]
[Time "19:03:18"]
[TimeControl "180+0"]

1. d4 d5 2. c4 Bf5 3. Nc3 dxc4 4. e4 Bg6 5. Bxc4 e6 6. Nf3 Nf6 7. Bd3 Bb4 8.
e5 Bxc3+ 9. bxc3 Nd5 10. Bxg6 hxg6 11. Qd3 Nc6 12. Bg5 Qd7 13. Rb1 b6 14. c4
Nde7 15. O-O Nf5 16. d5 exd5 17. cxd5 Nce7 18. Rfe1 Qxd5 19. Qc3 c5 20. Rbd1
Qb7 21. e6 f6 22. Rd7 Qc6 23. Bf4 O-O 24. Rc7 Qe8 25. h3 Nd5 26. Qd2 Nxc7
27. Bxc7 Rc8 28. Qf4 Qe7 29. g4 g5 30. Qxf5 Rxc7 31. h4 gxh4 32. Nxh4 Re8
33. Ng6 Qd6 34. Qh5 Rxe6 35. Qh8+ Kf7 36. Rxe6 Qxe6 37. Qh5 Qe1+ 38. Kg2
Qe4+ 39. f3 Qxg6 40. Qd5+ Ke8 41. Qe6+ Kd8 42. Qd6+ Kc8 43. Qd5 Qe8 44. Qa8+
Kd7 45. Qd5+ Kc8 46. Qa8+ Kd7 47. Qd5+ Ke7 48. g5 Qd7 49. gxf6+ gxf6 50. Qh5
Qe6 51. Qh7+ Kd6 52. Qd3+ Kc6 53. Qg6 Rd7 54. Qh6 Rd2+ 55. Qxd2 Qd5 56. Qf4
Qg5+ 57. Qxg5 fxg5 58. Kg3 Kd5 59. Kg4 c4 60. Kxg5 c3 61. f4 c2 62. f5 c1=Q+
63. Kg6 Qc7 64. f6 Qd8 65. f7 Qf8 66. Kf6 a5 67. a4 Kc5 68. Ke6 b5 69. axb5
Kxb5 70. Kf6 a4 71. Kg6 a3 72. Kh7 a2 73. Kg6 a1=Q 74. Kh7 Qag7#
{White checkmated}
0-1

[Event "ICCopen2017"]
[Site "Internet Chess Club"]
[Date "2017.03.19"]
[Round "1"]
[White "giovana64"]
[Black "Dabo"]
[Result "0-1"]
[ICCResult "White forfeits on time"]
[WhiteElo "1435"]
[BlackElo "2072"]
[Opening "QGA: classical, 6...a6"]
[ECO "D27"]
[NIC "QG.07"]
[Time "19:01:08"]
[TimeControl "180+0"]

1. d4 d5 2. c4 dxc4 3. Nf3 Nf6 4. e3 e6 5. Bxc4 c5 6. O-O a6 7. a3 b5 8. Ba2
Bb7 9. Nc3 Nbd7 10. h3 Qc7 11. Bd2 Bd6 12. Rc1 c4 13. b3 cxb3 14. Nxb5 axb5
15. Rxc7 Bxc7 16. Bxb3 O-O 17. Bb4 Rfc8 18. Qe2 Bd8 19. Ne5 Nxe5 20. dxe5
Nd5 21. Qd2 Nxb4 22. axb4 Be7 23. Qd7 Bxg2 24. Kxg2 Bxb4 25. Rd1 Bf8 26. Qb7
Rab8 27. Qa7 Bc5 28. Qd7 g6 29. Ra1 Bb6 30. Ra6 Rc7 31. Qd6 Rcb7 32. Qc6 b4
33. Ra8 Bd8 34. Rxb8 Rxb8 35. Kf3 Bh4 36. Ke2 Kg7 37. Qc7 Re8 38. Ba4 Re7
39. Qc5 Rb7 40. Bc6 Rc7 41. Qd6 Ra7 42. Qxb4 Ra2+ 43. Kd3 Rxf2 44. Be8 Rf5
45. Qb7 Bg3 46. Bd7 Rxe5 47. Qb2 Kf8 48. Qb4+ Kg7 49. Bb5 Rd5+ 50. Ke2 Be5
51. e4 Rd4 52. Qb1 Bf6 53. Bd3 e5 54. Qf1 h6 55. Qf2 Bg5 56. h4 Bxh4 57.
Qxh4 Rb4 58. Qf2 Rb2+ 59. Kf3 Rxf2+ 60. Kxf2 Kf6 61. Kg3 Kg5 62. Kf3 f5 63.
Bf1 f4 64. Bh3 Kh4 65. Bc8 g5 66. Be6 h5 67. Kf2 g4 68. Kg2 Kg5 69. Bf5 f3+
70. Kf2 Kf4 71. Bg6 g3+ 72. Kg1 h4 73. Kf1 h3 74. Kg1 f2+ 75. Kf1 g2+ 76.
Kxf2 Kg5 77. Kg1 Kxg6 {White forfeits on time} 0-1

[Event "ICCopen2017"]
[Site "Internet Chess Club"]
[Date "2017.03.19"]
[Round "1"]
[White "ylr5000"]
[Black "ivancele"]
[Result "1-0"]
[ICCResult "Black forfeits on time"]
[WhiteElo "2284"]
[BlackElo "1520"]
[Opening "English opening"]
[ECO "A10"]
[NIC "EO.64"]
[Time "19:02:59"]
[TimeControl "180+0"]

1. c4 d6 2. g3 f5 3. Bg2 c6 4. Nc3 Nf6 5. d4 g6 6. Nf3 Bg7 7. O-O Qc7 8. Qc2
O-O 9. Rd1 e5 10. dxe5 dxe5 11. e4 fxe4 12. Nxe4 Nxe4 13. Qxe4 Bf5 14. Qh4
Nd7 15. Bh6 Nf6 16. Bxg7 Kxg7 17. Re1 Rae8 18. Rad1 h6 19. c5 Nd5 20. Qc4 a6
21. h3 Bxh3 22. Bxh3 Rxf3 23. Bg2 Rf5 24. Bxd5 cxd5 25. Rxd5 Qf7 26. Re2 Rd8
27. Red2 Rxd5 28. Qxd5 Qxd5 29. Rxd5 e4 30. Rd7+ Rf7 31. Rd8 Kf6 32. b4 Re7
33. Kf1 h5 34. Ke2 Ke5 35. Ke3 Re6 36. a3 b6 37. Rc8 bxc5 38. Rxc5+ Kd6 39.
Rc4 Kd5 40. Rd4+ Kc6 41. a4 {Black forfeits on time} 1-0